 Dungeon Crawl Stone Soup version 0.22-a0-274-gf8199ec (webtiles) character file.

470 tidbits the Insei (level 7, -2/52 HPs)
             Began as a Gnoll Transmuter on Mar 14, 2018.
             Slain by Duvessa
             ... wielding a +6 short sword of freezing
              (3 damage)
             ... on level 5 of the Dungeon.
             The game lasted 00:07:42 (994 turns).

tidbits the Insei (Gnoll Transmuter)                 Turns: 994, Time: 00:07:42

Health: -2/52      AC:  2    Str: 13    XL:     7   Next: 9%
Magic:  8/15       EV: 15    Int: 17    God:
Gold:   138        SH:  0    Dex: 17    Spells: 11/17 levels left

rFire    . . .     SeeInvis .     - Unarmed
rCold    . . .     Gourm    .   (no shield)
rNeg     . . .     Faith    .   b - +0 robe
rPois    .         Spirit   .   (no helmet)
rElec    .         Reflect  .   (no cloak)
rCorr    .         Harm     .   (no gloves)
MR       .....                  (no boots)
Stlth    ++........             (no amulet)
HPRegen  0.17/turn              h - +2 ring of dexterity
MPRegen  0.14/turn              (no ring)

@: no status effects
A: distributed training, fangs 1, strong nose
a: no special abilities


You were on level 5 of the Dungeon.
You were not hungry.

You visited 1 branch of the dungeon, and saw 6 of its levels.

You collected 138 gold pieces.

Inventory:

Hand Weapons
 l - a +0 dagger
Missiles
 a - 41 arrows
 j - 6 tomahawks (quivered)
Armour
 b - a +0 robe (worn)
Jewellery
 h - a +2 ring of dexterity (left hand)
   (You found it on level 2 of the Dungeon)
Wands
 g - a wand of acid (6)
Scrolls
 e - a scroll of enchant weapon
 r - a scroll of remove curse
Potions
 c - a potion of mutation {unknown}
 f - a potion of curing
 i - a potion of berserk rage {unknown}
 k - a potion of agility {unknown}
Comestibles
 d - 7 rations


   Skills:
 + Level 3.4 Fighting
 + Level 2.2 Short Blades
 + Level 2.2 Long Blades
 + Level 2.2 Axes
 + Level 2.2 Maces & Flails
 + Level 2.2 Polearms
 + Level 2.2 Staves
 + Level 2.2 Slings
 + Level 2.2 Bows
 + Level 2.2 Crossbows
 + Level 2.2 Throwing
 + Level 2.2 Armour
 + Level 5.1 Dodging
 + Level 2.2 Stealth
 + Level 2.2 Shields
 + Level 6.9 Unarmed Combat
 + Level 5.5 Spellcasting
 + Level 1.8 Conjurations
 + Level 1.8 Hexes
 + Level 1.8 Charms
 + Level 1.8 Summonings
 + Level 1.8 Necromancy
 + Level 1.8 Translocations
 + Level 4.2 Transmutations
 + Level 1.8 Fire Magic
 + Level 1.8 Ice Magic
 + Level 1.8 Air Magic
 + Level 1.8 Earth Magic
 + Level 1.8 Poison Magic
 + Level 2.4 Invocations
 + Level 2.2 Evocations


You had 11 spell levels left.
You knew the following spells:

 Your Spells              Type           Power        Failure   Level  Hunger
e - Beastly Appendage     Tmut           ###...       2%          1    None
k - Sticks to Snakes      Tmut           ###.....     3%          2    #......
p - Spider Form           Tmut/Pois      ##........   12%         3    ##.....


Dungeon Overview and Level Annotations

Branches:
Dungeon (6/15)
 Temple: D:4-7

Altars:

Annotations:
D:4 exclusion: moth of wrath
D:5 Duvessa


Innate Abilities, Weirdness & Mutations

Your experience applies equally to all skills.
You have very sharp teeth.
Your uncanny sense of smell can sniff out nearby items.


Message History

Found a ration.
There is a large open door here.
Found a stone staircase leading down.
You see here a ration.
You eat the ration.
That ration really hit the spot!
There is a stone staircase leading down here.
Your adder withers and dies!
You climb downwards.
Found 3 gold pieces.
There is a stone staircase leading up here.
Unknown command.
You see here 3 gold pieces.
You now have 129 gold pieces (gained 3).
There is a stone staircase leading up here.
You climb upwards.
There is a stone staircase leading down here.
Unknown command.
Found 13 poisoned needles.
Found 18 stones.
You see here 13 poisoned needles.
Dowan, Brother of Duvessa comes into view.
He is wielding a dagger of speed.
Found 9 gold pieces.
Casting: Sticks to Snakes (safe; 3% risk of failure)
Confirm with . or Enter, or press ? or * to list all spells.
You turn into a venomous arachnid creature.
Your +0 robe melds into your body.
You closely miss Dowan. You bite Dowan!
Dowan is poisoned.
Dowan is moderately wounded.
Dowan barely misses you.
Casting: Spider Form (safe; 28% risk of failure)
Confirm with . or Enter, or press ? or * to list all spells.
You create a snake!
You now have 41 arrows.
Dowan completely misses you. Dowan hits you with a dagger of speed.
You hit Dowan.
Dowan is severely wounded.
Dowan barely misses you.
You closely miss Dowan.
Dowan is severely wounded.
Dowan casts a spell.
Dowan blinks!
You closely miss Dowan.
Dowan is almost dead.
Dowan hits you with a dagger of speed.
You closely miss Dowan.
Dowan is almost dead.
Dowan points at you and mumbles some strange words.
The puff of frost hits you!
You closely miss Dowan.
Dowan is almost dead.
You hit Dowan but do no damage.
Dowan looks even sicker.
Dowan is almost dead.
Dowan hits you with a dagger of speed. Dowan closely misses you.
You hit Dowan.
You kill Dowan!
You hear a distant scream of rage.
You have reached level 7!
Your transformation is almost over.
Things that are here:
a dagger of speed; a robe; the elf corpse of Dowan You see here 9 gold pieces.
You now have 138 gold pieces (gained 9).
Your transformation has ended.
Your +0 robe unmelds from your body.
Duvessa, Sister of Dowan comes into view.
She is wielding a short sword of freezing.
Duvessa goes berserk!
Evoke which item? (* to show all) (? for menu, Esc to quit)
Okay, then.
Evoke which item? (* to show all) (? for menu, Esc to quit)
Aiming: Corrosive Bolt
Press: ? - help, Shift-Dir - straight line, f - Duvessa
Aim: Duvessa, wielding a short sword of freezing and wearing a scale mail (berserk, fast, unusually strong)
The bolt of acid hits Duvessa.
Duvessa is splashed with acid.
The acid corrodes Duvessa!
Duvessa is moderately wounded.
Duvessa hits your ball python with a short sword of freezing.
Duvessa freezes your ball python.
Your ball python dies!
Evoke which item? (* to show all) (? for menu, Esc to quit)
Aiming: Corrosive Bolt
Press: ? - help, Shift-Dir - straight line, f/p - Duvessa
Aim: Duvessa, wielding a short sword of freezing and wearing a scale mail (moderately wounded, berserk, fast, unusually strong, covered in acid)
The bolt of acid hits Duvessa.
Duvessa is splashed with acid.
The acid corrodes Duvessa!
Duvessa is severely wounded.
Evoke which item? (* to show all) (? for menu, Esc to quit)
Aiming: Corrosive Bolt
Press: ? - help, Shift-Dir - straight line, f/p - Duvessa
Aim: Duvessa, wielding a short sword of freezing and wearing a scale mail (severely wounded, berserk, fast, unusually strong, covered in acid)
The bolt of acid hits Duvessa.
Duvessa is splashed with acid.
The acid corrodes Duvessa!
Duvessa is almost dead.
Duvessa hits you with a short sword of freezing!
* * * LOW HITPOINT WARNING * * *
Duvessa freezes you!
* * * LOW HITPOINT WARNING * * *
Duvessa hits you with a short sword of freezing.
* * * LOW HITPOINT WARNING * * *
Duvessa freezes you.
You die...

## ## .. .# ## .###.#
####### .. ..#.#
#.....#
#.#.#.#####.###.#
#..<......#.# #.#
#.#.##.####.#.###)#
.#.........#.#.#...#
##..##..#......e@#.###
....##..##.###..)#.#
..# #..##.......#.#
..# #..##########.#
..# #..# #.....# ..#
#..######...(.#
.....#..........##.#
####.#.########.##(#
#.#.# #.##.#


You could see Duvessa (berserk).

Vanquished Creatures
  Eustachio (D:4)
  An ogre (D:4)
  Dowan (D:5)
  2 bullfrog zombies (D:5)
  A centaur skeleton (D:4)
  2 worker ants
  6 adders
  A worm (D:4)
  2 dart slugs
  2 leopard geckos
  A giant cockroach (D:5)
  A goblin (D:2)
  2 hobgoblins
  3 jackals
  2 kobolds
  A quokka (D:3)
  4 bats
  A frilled lizard (D:1)
  A leopard gecko skeleton (D:5)
  2 rats (D:1)
37 creatures vanquished.

Vanquished Creatures (collateral kills)
  An adder skeleton (D:4)
  A quokka (D:4)
2 creatures vanquished.

Grand Total: 39 creatures vanquished

Notes
Turn   | Place    | Note
-------+----------+-------------------------------------------
     0 | D:1      | tidbits the Gnoll Transmuter began the quest for the Orb.
     0 | D:1      | Reached XP level 1. HP: 17/17 MP: 6/6
    78 | D:1      | Reached XP level 2. HP: 17/23 MP: 5/7
    82 | D:1      | Learned a level 2 spell: Sticks to Snakes
   151 | D:2      | Noticed a centaur
   168 | D:1      | Reached XP level 3. HP: 20/28 MP: 5/9
   175 | D:1      | Learned a level 3 spell: Spider Form
   179 | D:2      | Reached skill level 5 in Spellcasting
   271 | D:4      | Reached skill level 1 in Invocations
   369 | D:4      | Noticed a moth of wrath
   415 | D:2      | Reached skill level 1 in Short Blades
   415 | D:2      | Reached skill level 1 in Long Blades
   415 | D:2      | Reached skill level 1 in Axes
   415 | D:2      | Reached skill level 1 in Maces & Flails
   415 | D:2      | Reached skill level 1 in Polearms
   415 | D:2      | Reached skill level 1 in Staves
   415 | D:2      | Reached skill level 1 in Slings
   415 | D:2      | Reached skill level 1 in Bows
   415 | D:2      | Reached skill level 1 in Crossbows
   415 | D:2      | Reached skill level 1 in Throwing
   415 | D:2      | Reached skill level 1 in Armour
   415 | D:2      | Reached skill level 1 in Stealth
   415 | D:2      | Reached skill level 1 in Shields
   415 | D:2      | Reached skill level 1 in Evocations
   471 | D:3      | Reached XP level 4. HP: 30/34 MP: 3/11
   519 | D:4      | Noticed an ogre
   526 | D:4      | Killed an ogre
   526 | D:4      | Reached skill level 1 in Conjurations
   526 | D:4      | Reached skill level 1 in Hexes
   526 | D:4      | Reached skill level 1 in Charms
   526 | D:4      | Reached skill level 1 in Summonings
   526 | D:4      | Reached skill level 1 in Necromancy
   526 | D:4      | Reached skill level 1 in Translocations
   526 | D:4      | Reached skill level 1 in Fire Magic
   526 | D:4      | Reached skill level 1 in Ice Magic
   526 | D:4      | Reached skill level 1 in Air Magic
   526 | D:4      | Reached skill level 1 in Earth Magic
   526 | D:4      | Reached skill level 1 in Poison Magic
   526 | D:4      | Reached XP level 5. HP: 40/40 MP: 3/12
   611 | D:4      | Reached skill level 3 in Fighting
   627 | D:4      | Reached skill level 4 in Transmutations
   680 | D:5      | Entered Level 5 of the Dungeon
   701 | D:5      | Reached XP level 6. HP: 43/47 MP: 8/13
   768 | D:4      | Noticed Eustachio
   779 | D:4      | Killed Eustachio
   779 | D:4      | Reached skill level 2 in Short Blades
   779 | D:4      | Reached skill level 2 in Long Blades
   779 | D:4      | Reached skill level 2 in Axes
   779 | D:4      | Reached skill level 2 in Maces & Flails
   779 | D:4      | Reached skill level 2 in Polearms
   779 | D:4      | Reached skill level 2 in Staves
   779 | D:4      | Reached skill level 2 in Slings
   779 | D:4      | Reached skill level 2 in Bows
   779 | D:4      | Reached skill level 2 in Crossbows
   779 | D:4      | Reached skill level 2 in Throwing
   779 | D:4      | Reached skill level 2 in Armour
   779 | D:4      | Reached skill level 5 in Dodging
   779 | D:4      | Reached skill level 2 in Stealth
   779 | D:4      | Reached skill level 2 in Shields
   779 | D:4      | Reached skill level 2 in Invocations
   779 | D:4      | Reached skill level 2 in Evocations
   965 | D:5      | Noticed Dowan
   978 | D:5      | Killed Dowan
   978 | D:5      | Reached XP level 7. HP: 28/52 MP: 6/15
   990 | D:5      | Noticed Duvessa
   994 | D:5      | HP: 1/52 [Duvessa/short sword of freezing (6)]
   994 | D:5      | Slain by Duvessa

Vault maps used:
D:1:      scummos_arrival_forest
D:4:      first_ration, tgw_trog, uniq_eustachio
D:5:      kennysheep_generic_room_7, uniq_duvessa
D:6:      minmay_temple_entry_statues_fountains, basic_altar

Skill      XL: |  1  2  3  4  5  6 |
---------------+-------------------+-----
Spellcasting   | 5 |  5.5
Invocations    | 1 2 |  2.4
Short Blades   | 1 2 |  2.2
Long Blades    | 1 2 |  2.2
Axes           | 1 2 |  2.2
Maces & Flails | 1 2 |  2.2
Polearms       | 1 2 |  2.2
Staves         | 1 2 |  2.2
Slings         | 1 2 |  2.2
Bows           | 1 2 |  2.2
Crossbows      | 1 2 |  2.2
Throwing       | 1 2 |  2.2
Armour         | 1 2 |  2.2
Stealth        | 1 2 |  2.2
Shields        | 1 2 |  2.2
Evocations     | 1 2 |  2.2
Conjurations   | 1 |  1.8
Hexes          | 1 |  1.8
Charms         | 1 |  1.8
Summonings     | 1 |  1.8
Necromancy     | 1 |  1.8
Translocations | 1 |  1.8
Fire Magic     | 1 |  1.8
Ice Magic      | 1 |  1.8
Air Magic      | 1 |  1.8
Earth Magic    | 1 |  1.8
Poison Magic   | 1 |  1.8
Fighting       | 3 |  3.4
Transmutations | 4 |  4.2
Dodging        | 5 |  5.1
Unarmed Combat | |  6.9

Action                   |  1- 3 |  4- 6 |  7- 9 || total
-------------------------+-------+-------+-------++-------
Melee: Unarmed           |    55 |    59 |       ||   114
       Kick              |     2 |       |       ||     2
       Bite              |     2 |       |       ||     2
       Headbutt          |     2 |       |       ||     2
 Cast: Beastly Appendage |     6 |       |       ||     6
       Sticks to Snakes  |     1 |     8 |       ||     9
       Spider Form       |     6 |     8 |       ||    14
Evoke: Wand              |       |       |     3 ||     3
  Use: Potion            |     2 |       |       ||     2
       Scroll            |       |     4 |       ||     4
 Stab: Sleeping          |     3 |       |       ||     3
       Distracted        |       |     1 |       ||     1
  Eat: Ration            |       |     1 |       ||     1
       Chunk             |       |     1 |       ||     1
Armor: Robe              |     4 |       |       ||     4
       Skin              |       |     3 |       ||     3
Dodge: Dodged            |    46 |    39 |       ||    85

Table legend:
 A = Spawn XP
 B = Non-spawn XP
 C = Spawn XP percentage of total XP
 D = Spawn monster count
 E = Non-spawn monster count
 F = Spawn count percentage of total count
 G = Total turns spent on level
                    A         B        C        D         E        F      G
               +---------+---------+-------+---------+---------+-------+---------
         Total |       0 |     672 |   0.0 |       0 |      39 |   0.0 |   994
               +---------+---------+-------+---------+---------+-------+---------
           D:1 |       0 |      30 |   0.0 |       0 |      10 |   0.0 |   150
           D:2 |       0 |      23 |   0.0 |       0 |       7 |   0.0 |   138
           D:3 |       0 |      20 |   0.0 |       0 |       4 |   0.0 |   116
           D:4 |       0 |     388 |   0.0 |       0 |      10 |   0.0 |   298
           D:5 |       0 |     211 |   0.0 |       0 |       8 |   0.0 |   278
               +---------+---------+-------+---------+---------+-------+---------

Table legend:
 A = Turns spent in this place as a percentage of turns spent in the entire game.
 B = Non-inter-level travel turns spent in this place as a percentage of non-inter-level travel turns spent in the entire game.
 C = Inter-level travel turns spent in this place as a percentage of turns spent in this place.
 D = Turns resting spent in this place as a percentage of non-inter-level travel turns spent in this place.
 E = Turns spent auto-exploring this place as a percentage of non-inter-level travel turns spent in this place.
 F = Non-inter-level travel turns spent in this place divided by the number of levels of this place that you've seen.
                   A       B       C       D       E      F
               +-------+-------+-------+-------+-------+----------------------
         Total | 100.0 | 100.0 |   0.0 |   0.0 |   0.0 | 165.7
       Dungeon | 100.0 | 100.0 |   0.0 |   0.0 |   0.0 | 165.7
               +-------+-------+-------+-------+-------+----------------------

Table legend:
 A = Kills in this place as a percentage of kills in entire the game.
 B = Kills by you in this place as a percentage of kills by you in the entire game.
 C = Kills by friends in this place as a percentage of kills by friends in the entire game.
 D = Other kills in this place as a percentage of other kills in the entire game.
 E = Experience gained in this place as a percentage of experience gained in the entire game.
 F = Experience gained in this place divided by the number of levels of this place that you have seen.
                   A       B       C       D       E      F
               +-------+-------+-------+-------+-------+----------------------
         Total | 100.0 | 100.0 | 100.0 |   N/A | 100.0 | 112.0
       Dungeon | 100.0 | 100.0 | 100.0 |   N/A | 100.0 | 112.0
               +-------+-------+-------+-------+-------+----------------------

Vault maps used:
D:1:      scummos_arrival_forest
D:4:      first_ration, tgw_trog, uniq_eustachio
D:5:      kennysheep_generic_room_7, uniq_duvessa
D:6:      minmay_temple_entry_statues_fountains, basic_altar
